Cogmind - Beta 9.6 @@@ ROGUE MODE // 2020.05.19 @ 10:25:37 // AFD2018/Launchers Player: Demise Result: Destroyed by G-34 Mercenary with Small Laser Performance ------------- Evolutions (0) 0 Regions Visited (1) 200 Robots Destroyed (11) 55 Value Destroyed (73) 73 Prototype IDs (0) 0 Alien Tech Used (0) 0 Bonus (0) 0 TOTAL SCORE: 328 Bonus ------- None Cogmind --------- Core Integrity 0/250 Matter 32/300 Energy 90/100 System Corruption 4% Temperature Cool (6) Movement Core (50) Location -10/Materials Parts ------- > --- POWER (1) -------- (None) > --- PROPULSION (2) --- Wheel > --- UTILITY (2) ------ (None) > --- WEAPON (2) ------- Grenade Launcher > --- INVENTORY (4) ---- Grenade Launcher Grenade Launcher Grenade Launcher Peak State ------------ > --- POWER ------------ Light Ion Engine > --- PROPULSION ------- Wheel Wheel > --- UTILITY ---------- Improved Terrain Scanner > --- WEAPON ----------- Grenade Launcher Grenade Launcher > --- INVENTORY -------- Grenade Launcher Grenade Launcher Grenade Launcher Grenade Launcher [Rating: 7] Favorites ----------- Power Light Ion Engine Engine Light Ion Engine Propulsion Wheel Wheel Wheel Utility Improved Terrain Scanner Device Improved Terrain Scanner Weapon Grenade Launcher Ballistic Gun Light Assault Rifle Launcher Grenade Launcher Build | -11 -10 ------- Run | Scr Mat Slots Evolved . | . . Power . | . . Propulsion . | . . Utility . | . . Weapon . | . . Parts Attached 11 | 4 7 Power 2 | . 2 Engine 2 | . 2 Core . | . . Reactor . | . . Propulsion 5 | 3 2 Treads . | . . Leg . | . . Wheel 5 | 3 2 Hover . | . . Flight . | . . Utility 1 | 1 . Device 1 | 1 . Storage . | . . Processor . | . . Hackware . | . . Protection . | . . Artifact . | . . Weapon 3 | . 3 Energy Gun . | . . Energy Cannon . | . . Ballistic Gun 1 | . 1 Ballistic Cannon . | . . Launcher 2 | . 2 Special Weapon . | . . Impact Weapon . | . . Slashing Weapon . | . . Piercing Weapon . | . . Special Melee Weapon . | . . Unidentified Prototypes . | . . Parts Lost 8 | . 8 Power 2 | . 2 Propulsion 3 | . 3 Utility 1 | . 1 Weapon 2 | . 2 Highest Loss Streak 8 | . 8 Average Slot Usage (%) 67 | . 67 Engine 8 | . 8 Wheel 22 | . 22 Device 11 | . 11 Ballistic Gun 6 | . 6 Launcher 17 | . 17 Naked Turns . | . . Heaviest Build 10 | 7 10 Greatest Support 20 | 20 20 Greatest Overweight (x) 2 | 1 2 Average Overweight (x) . | . . Largest Inventory Capacity 4 | 4 4 Average Capacity 4 | 4 4 Most Carried 4 | 4 4 Average Carried 3 | 4 3 Final Capacity 4 | 4 4 Final Carried 4 | 4 3 Class Distribution -------------------- 100% | Mutant Dominant Class ---------------- Mutant | -10/Materials Resources | -11 -10 ----------- Run | Scr Mat Matter Collected 114 | 62 52 Remotely . | . . Salvage Created 142 | 102 40 Parts 17 | 14 3 Haulers Intercepted . | . . Recyclers Shooed . | . . Parts Field Recycled . | . . Retrieved Matter . | . . Parts Self-Destructed . | . . Prevented . | . . Kills | -11 -10 ------- Run | Scr Mat Combat Hostiles Destroyed 3 | . 3 Melee 1 | . 1 AOE 2 | . 2 Classes Destroyed 4 | 3 1 Worker 2 | 2 . Tunneler 5 | 5 . Recycler 1 | 1 . Swarmer 3 | . 3 Best Kill Streak 4 | 4 3 Combat Bots Only 3 | . 3 Max Kills in Single Turn 3 | 3 2 Gunslinging . | . . Exploded 2 | . 2 Melee 1 | . 1 Uniques/NPCs Destroyed . | . . Combat | -11 -10 -------- Run | Scr Mat Damage Taken 661 | . 661 Core 252 | . 252 Absorbed by Shields . | . . Core Remaining (%) 100 | 100 . Volleys Fired 23 | 6 17 Largest 2 | 2 1 Hottest 60 | 60 30 Shots Fired 29 | 12 17 Gun 14 | . 14 Cannon . | . . Launcher 15 | 12 3 Special . | . . Kinetic 14 | . 14 Thermal . | . . Explosive 15 | 12 3 Electromagnetic . | . . Robot Hit Streak 5 | 5 3 Robot Miss Streak 1 | 1 1 Penetration Max . | . . Secondary Targets . | . . Shots Hit Robots 15 | 8 7 Core Hits 23 | 11 12 Critical Hits . | . . Critical Kills . | . . Critical Parts Destroyed . | . . Melee Attacks . | . . Impact . | . . Slashing . | . . Piercing . | . . Sneak Attacks . | . . Combat Hostiles . | . . Follow-up Attacks . | . . Damage Inflicted 675 | 401 274 Guns 64 | . 64 Cannons . | . . Explosions 591 | 401 190 Melee . | . . Ramming 20 | . 20 Kinetic 64 | . 64 Thermal . | . . Explosive 591 | 401 190 Electromagnetic . | . . Impact . | . . Slashing . | . . Piercing . | . . Highest Corruption 4 | . 4 Average Corruption 3 | . 3 Corruption Purged . | . . Overload Shots . | . . Overflow Damage 4 | 4 . Projectiles . | . . Explosions 4 | 4 . Melee . | . . Knockbacks . | . . Impact . | . . Kinetic . | . . Secondary . | . . Self-Inflicted Damage 48 | . 48 Shots 1 | . 1 Rammed 11 | . 11 Targets Rammed 11 | . 11 Kicked . | . . Crushed . | . . Highest Temperature 12 | . 12 Average Temperature 6 | . 6 Received Heat Transfer 291 | . 291 Siege Activations . | . . Robots Corrupted . | . . Combat Hostiles . | . . Parts Fried . | . . Impact Corruptions . | . . Robots Melted . | . . Combat Hostiles . | . . Parts Melted . | . . Heat Transferred . | . . Parts Sabotaged . | . . Parts Stolen . | . . Parts Stripped . | . . Power Chain Reactions . | . . Missiles Intercepted . | . . Alert | -11 -10 ------- Run | Scr Mat Peak Influence 111 | 40 111 Average Influence 52 | 21 77 Maximum Alert Level . | . . Low Security (%) 100 | 100 100 Level 1 . | . . Level 2 . | . . Level 3 . | . . Level 4 . | . . Level 5 . | . . High Security . | . . Max Security . | . . Squads Dispatched 2 | . 2 Investigation 1 | . 1 Extermination . | . . Reinforcement 1 | . 1 Assault . | . . Garrison . | . . Intercept . | . . Construction Impeded . | . . Haulers Reinforced . | . . Stealth | -11 -10 --------- Run | Scr Mat Distress Signals 1 | . 1 Communications Jammed . | . . Distress Signals . | . . Times Spotted 10 | . 10 Peak Tracking Total 6 | . 6 Tactical Retreats 1 | . 1 Traps | -11 -10 ------- Run | Scr Mat Traps Triggered 1 | . 1 Indirectly . | . . Trap Hack Attempts . | . . Triggered . | . . Disarmed . | . . Reprogrammed . | . . Reused . | . . Traps Extracted . | . . Installed . | . . Triggered . | . . Machines | -11 -10 ---------- Run | Scr Mat Machines Disabled . | . . Max in Single Turn . | . . Machines Sabotaged . | . . Garrisons Compromised . | . . Overloaded Fab Kills . | . . Fab Network Shutdowns . | . . Hacking | -11 -10 --------- Run | Scr Mat Machines Accessed 1 | . 1 Terminals . | . . Fabricators . | . . Repair Stations . | . . Recycling Units 1 | . 1 Scanalyzers . | . . Garrison Access . | . . Total Hacks 5 | . 5 Successful 5 | . 5 Failed . | . . Catastrophic . | . . Database Lockouts . | . . Manual . | . . Terminals . | . . Fabricators . | . . Repair Stations . | . . Recycling Units 5 | . 5 Scanalyzers . | . . Garrison Access . | . . Terminal Hacks . | . . Fabricator Hacks . | . . Repair Station Hacks . | . . Recycling Unit Hacks 5 | . 5 Recycle Component 1 | . 1 Process 1 | . 1 Report Inventory 1 | . 1 Retrieve Matter 1 | . 1 Retrieve Components 1 | . 1 Scanalyzer . | . . Garrison Access Hacks . | . . Unauthorized Hacks . | . . Terminals . | . . Fabricators . | . . Repair Stations . | . . Recycling Units . | . . Scanalyzers . | . . Garrison Access . | . . Data Cores Recovered . | . . Used . | . . Hacking Detections 1 | . 1 Full Trace Events . | . . Feedback Events . | . . Feedback Blocked . | . . Robot Schematics Acquired . | . . Robots Built . | . . Matter . | . . Time . | . . Total Robot Build Rating . | . . Part Schematics Acquired . | . . Parts Built . | . . Matter . | . . Time . | . . Total Part Build Rating . | . . Parts Repaired . | . . Time . | . . Parts Recycled 1 | . 1 Recycled Matter 8 | . 8 Retrieved Matter 8 | . 8 Retrieved Components 2 | . 2 Parts Scanalyzed . | . . Part Schematics Acquired . | . . Parts Damaged . | . . Bothacking | -11 -10 ------------ Run | Scr Mat Used RIF Installer . | . . Robots Hacked . | . . Non-combat . | . . Combat . | . . Robot Hacks Applied . | . . Relay Couplers Released . | . . Robots Rewired . | . . Allies Hacked . | . . Hacks Repelled . | . . Allies | -11 -10 -------- Run | Scr Mat Total Allies . | . . Largest Group . | . . Highest-Rated Group . | . . Highest-Rated Ally . | . . Total Orders . | . . Ally Attacks . | . . Total Damage . | . . Kills . | . . Allies Corrupted . | . . Allies Melted . | . . Intel | -11 -10 ------- Run | Scr Mat Robot Analysis Total . | . . Derelict Logs Recovered . | . . Drone Launches . | . . Drone Recoveries . | . . Exploration | -11 -10 ------------- Run | Scr Mat Turns Passed 247 | 109 138 Spaces Moved 137 | 48 89 Core 10 | 4 6 Treads . | . . Legs . | . . Wheels 127 | 44 83 Hover . | . . Flight . | . . Fastest Speed 50 | 80 50 Average Speed 81 | 81 81 Slowest Speed 150 | 100 150 Overloaded Moves . | . . Propulsion Burnouts . | . . Robots Hopped . | . . Cave-ins Triggered . | . . Exploration Rate (%) 13 | 3 24 Regions Visited 1 Branch Regions . Pre-discovered Areas . | . . Known Exits Taken . | . . Unknown Exits Taken 1 | 1 . Scrap Searched . | . . Spaces Dug . | . . Terrain Destroyed 78 | 62 16 Melee . | . . Projectile . | . . AOE 78 | 62 16 Actions | -11 -10 --------- Run | Scr Mat Total 244 | 105 139 Wait 57 | 47 10 Move 136 | 47 89 Hop . | . . Pick Up 2 | . 2 Fast Attach 9 | 3 6 Attach 1 | . 1 Detach . | . . Swap 1 | 1 . Drop 4 | 1 3 Fire 23 | 6 17 Melee . | . . Ram 11 | . 11 Kick . | . . Crush . | . . Escape Stasis . | . . Rewire . | . . Trap . | . . Miscellaneous . | . . Route ------- -11/Scrapyard -10/Materials History --------- Turn | Location | Event 1 | -11/Scrapyard | Discovered new exit (range 2) 110 | -11/Scrapyard | Entered Materials 229 | -10/Materials | Core integrity fell below 50% 240 | -10/Materials | Core integrity fell below 20% 248 | -10/Materials | Destroyed by G-34 Mercenary with Small Laser Last Messages --------------- 00222_ Imp. Terrain Scanner destroyed. 00222_ Lgt. Ion Engine destroyed. 00222_ K-01 Serf collects debris. 00226_ Grenade Launcher destroyed. 00226_ K-01 Serf collects debris. 00229_ K-01 Serf destroyed. 00231_ Acquired 21 matter. 00232_ Acquired Wheel. 00235_ Lgt. Assault Rifle destroyed. 00237_ Acquired Lgt. Ion Engine. 00239_ Slammed into G-34 Mercenary. 00240_ Destabilizing: System corrupted (+2). 00241_ Slammed into G-34 Mercenary. 00243_ Destabilizing: System corrupted (+2). 00243_ Lgt. Ion Engine destroyed. 00244_ Slammed into G-34 Mercenary. 00244_ Wheel permanently disabled. 00244_ Destabilizing: Short circuit. 00245_ Slammed into G-34 Mercenary. 00245_ Wheel destroyed. Map ----- +----------------------------------------------------+ | ?????????????????????????????????????????????????? | | ?????????????????????????????????????????????????? | | ?????????????????????????????????????????????????? | | ?????????????????????????????????????????????????? | | ?????????????????????????????????????????????????? | | ?????????????????????????????????????????????????? | | ?????????????????????????????????????????????????? | | ?????????????????????????????????????????????????? | | ?????????????????????????????????????????????????? | | ?????????????????????????????????????????????????? | | ??????????????????????? o???????????????????????? | | ??????????????????????# #??????????????????????? | | ?????????????????????## ##?????????????????????? | | ?????????????????????# ##????????????????????? | | ?????????????????????# ?????????????????????? | | ?????????????????????? ?????????????????????? | | ?????????????????????? ??????????????????????? | | ?????????????????????? ??????? ??????????????? | | ?????????????????????## u #??????????????????????? | | ?????????????????????# ??????????????????"???? | | ???????????????????#+# #??????????????????????? | | ???????????????????# g #??????#???????????????? | | ???????????????????# # ??? #???#???????????? | | ???????????????????# ?? #??#?#??????????? | | ?????????#######???# gg# #????#??????????? | | ?????????? # @/ ] #?#?????????????? | | ?????????????""""" + # #???????????????? | | ?????????????""""" #### #?? ] #???????????????? | | ??????????????"""????####g########???#??????#????? | | ??????????????"???????# ################### | | ??????????????????????# "" ! # | | ??????????????????????# "Y + | | ??????????????????????# "" ! # | | ?????????????????????## ### ###### | | ???????????????"??????# """"" #?# #????# | | ??????????????????????# """"" #?# #????? | | ??????????????????????# """"" #?# ##???? | | ????????????????????? + #?######## +####??? | | ????????????????????############?????# = #### | | ?????????????????????????????????????## # ] | | ??????????????????????????????????#???# # | | ???????????????????????????##???##????# # """ | | ??????????????????????????????????#???# """ | | ??????????????????????????????????????# """ | | ??????????????????????????????????????#### | | ?????????????????????????????????????????######### | | ?????????????????????????????????????????????????? | | ?????????????????????????????????????????????????? | | ?????????????????????????????????????????????????? | | ??????????????????????????????????????????????#??? | +----------------------------------------------------+ Best States ------------- Heat Dissipation 25 Energy Generation 10 Energy Capacity 125 Matter Stores 76 Matter Capacity 300 Sight Range 16 Terrain Scan Range 16 Terrain Scan Density 10 Evasion (%) 44 Item Schematics ----------------- None Robot Schematics ------------------ None Fabricated ------------ Nothing Alien Tech Used ----------------- None Achievements -------------- None Challenges ------------ None Game ------ Seed GuidedInsulationAccelerator Manual? 0 Play Time 00:07:14 Cumulative 201.6 hours Start 2020.05.19 @ 10:21:12 End 2020.05.19 @ 10:25:37 Sessions 1 Manual Loads 0 Difficulty Rogue Special Mode AFD2018/Launchers Game No. 264 Rogue 253 Adventurer 11 Explorer 0 Win Type - Total 0 Types 0/0/0/0/0/0/0 Lore% 51 Gallery% 64 Achievement% 45 Wizard Run 0 Options --------- ASCII 0 Keyboard 1 Movement Numpad Keybinds 0 Fullscreen 1 Font 12/Terminus Map View 83x54 Tactical HUD 1 Map Filters NONE Filters NONE Steam X RUN: f714e1dc-d590-463c-9247-d2a5efd3d9e6